Map: Kairos Junction LE

Players

IllusiveMan

  • Race: Protoss Protoss
  • League: Diamond
  • Spawn Location: 5:00

Mez - Winner!

  • Race: Terran Terran
  • League: Master
  • Spawn Location: 11:00

VOD

Have the link to the VOD?

Description

Time

  • Played on: Aug. 6, 2019, 1:04 p.m.
  • Length: 11:22
Show
View Real Time Build Order
Export as new Build Order

IllusiveMan Protoss 

Build Orders: 1 Gate Expand, Colossus Rush 

Get SALT Encoding   

  12  0:00  Probe  
  13  0:12  Probe  
  14  0:21  Pylon  
  14  0:24  Probe  
  15  0:35  Probe  
  15  0:40  Gateway  
  16  0:43  Probe  
  16  0:48  Assimilator  
  17  0:53  Probe  
  18  1:06  Probe  
  19  1:28  Nexus  
  19  1:35  Cybernetics Core  
  19  1:42  Assimilator  
  19  1:45  Probe  
  20  1:53  Probe, Pylon  
  21  2:01  Probe  
  21  2:02  Stalker  
  22  2:12  Probe  
  25  2:20  Warp Gate  
  25  2:22  Robotics Facility  
  25  2:25  Probe  
  26  2:33  Stalker  
  28  2:40  Probe  
  28  2:42  Probe  
  30  2:57  Gateway  
  30  3:01  Warp Prism  
  30  3:03  Probe  
  30  3:04  Probe  
  33  3:15  Stalker  
  33  3:18  Probe  
  36  3:22  Probe  
  37  3:28  Pylon  
  37  3:30  Probe  
  38  3:38  Probe  
  38  3:41  Gateway  
  39  3:53  Probe  
  39  3:55  Immortal, Assimilator, Shield Battery  
  40  3:56  Robotics Bay  
  39  4:08  Shield Battery  
  43  4:13  Shield Battery  
  43  4:20  Stalker  
  43  4:22  Zealot  
  45  4:43  Probe  
  46  4:49  Probe  
  46  4:54  Probe  
  46  4:57  Robotics Bay  
  46  4:59  Stalker  
  49  5:01  Probe  
  49  5:02  Probe, Shield Battery  
  51  5:09  Assimilator  
  51  5:11  Probe  
  51  5:13  Probe  
  52  5:18  Twilight Council  
  53  5:29  Pylon  
  53  5:32  Pylon  
  53  5:42  Probe  
  54  5:47  Probe  
  55  5:53  Colossus  
  54  5:59  Probe  
  61  6:11  Extended Thermal Lance  
  61  6:12  Charge  
  61  6:20  Probe x2  
  61  6:22  Nexus  
  63  6:30  Forge  
  63  6:31  Pylon  
  63  6:32  Probe x2  
  65  6:38  Gateway  
  65  6:39  Pylon  
  65  6:44  Probe  
  66  6:47  Sentry x2  
  66  6:50  Sentry  
  72  6:56  Colossus  
  72  6:57  Probe  
  73  7:02  Pylon  
  73  7:04  Probe  
  73  7:05  Pylon  
  73  7:06  Protoss Ground Weapons Level 1  
  80  7:12  Probe  
  80  7:13  Stalker  
  83  7:20  Zealot  
  85  7:30  Stalker  
  83  7:38  Stalker  
  83  7:42  Stalker x2  
  79  7:50  Probe  
  69  7:53  Probe x2  
  69  7:55  Colossus  
  69  7:58  Probe  
  72  8:03  Zealot x2  
  77  8:06  Probe  
  77  8:08  Assimilator  
  77  8:12  Assimilator  
  84  8:13  Zealot x2  
  84  8:14  Probe  
  84  8:15  Probe  
  90  8:21  Forge  
  90  8:22  Probe  
  90  8:24  Probe  
  90  8:26  Probe  
  92  8:27  Sentry  
  92  8:32  Probe  
  95  8:34  Probe  
  97  8:43  Zealot, Colossus  
  97  8:44  Sentry, Probe  
  97  8:47  Probe x2  
  104  8:48  Protoss Ground Armor Level 1  
  104  8:54  Blink  
  104  8:55  Shield Battery  
  110  8:56  Gateway  
  110  9:04  Probe x2  
  108  9:10  Photon Cannon  
  108  9:15  Templar Archives  
  108  9:17  Stalker  
  110  9:19  Probe  
  110  9:21  Probe  
  110  9:23  Pylon  
  112  9:26  Probe  
  112  9:28  Pylon x2  
  113  9:42  Probe  
  114  9:46  Photon Cannon  
  114  9:47  Stalker  
  114  9:48  Stalker, Pylon  
  118  9:58  Stalker x3  
  118  10:11  Probe  
  118  10:12  Disruptor  
  122  10:18  High Templar  
  122  10:19  Zealot  
  126  10:26  Pylon  
  126  10:27  High Templar, Zealot  
  129  10:35  High Templar  
  112  10:47  High Templar  
  112  10:49  Probe  
  92  11:07  Zealot x3  
  87  11:12  Zealot  
Show
View Real Time Build Order
Export as new Build Order

Mez Terran - Winner!

Build Orders: Reaper Expand 

Get SALT Encoding   

  12  0:01  SCV  
  13  0:13  SCV  
  14  0:17  Supply Depot  
  14  0:25  SCV  
  15  0:38  SCV  
  15  0:39  Barracks  
  16  0:44  Refinery  
  16  0:50  SCV  
  17  1:02  SCV  
  18  1:15  SCV  
  19  1:29  Reaper, Orbital Command  
  20  1:44  Command Center  
  20  1:52  Barracks  
  20  1:55  SCV  
  21  2:01  Barracks Reactor  
  21  2:08  SCV  
  22  2:10  Barracks  
  22  2:16  Supply Depot  
  22  2:22  SCV  
  23  2:38  SCV  
  23  2:39  Marine x2  
  23  2:40  Barracks Tech Lab  
  26  2:50  SCV  
  27  2:57  Orbital Command  
  27  2:58  Marine x3  
  27  3:00  Concussive Shells, Marauder  
  27  3:02  SCV  
  33  3:13  Supply Depot  
  33  3:14  SCV  
  33  3:17  Marine x3  
  37  3:22  Marauder  
  37  3:26  SCV  
  40  3:28  SCV  
  41  3:38  SCV, Marine x3, Supply Depot  
  45  3:45  Marine  
  46  3:54  SCV x2  
  48  3:56  Marine  
  48  4:00  Command Center  
  49  4:05  Stimpack  
  49  4:06  SCV x2  
  49  4:08  Supply Depot  
  51  4:16  Factory, Refinery  
  51  4:18  Refinery  
  51  4:21  SCV x2  
  53  4:30  Marine x4  
  55  4:33  SCV x2  
  57  4:45  SCV  
  57  4:46  SCV  
  57  4:47  Marine  
  57  4:48  Marine  
  61  4:53  Marine x2  
  61  4:58  SCV x2  
  64  5:00  Starport, Factory Reactor  
  64  5:03  Supply Depot  
  64  5:06  Engineering Bay x2  
  64  5:08  Refinery  
  64  5:18  Orbital Command  
  64  5:19  Bunker  
  64  5:20  SCV x2, Marine  
  67  5:22  Barracks Tech Lab  
  67  5:30  Marine  
  67  5:31  Marine  
  67  5:33  SCV x2  
  66  5:54  Medivac x2  
  70  5:57  Orbital Command  
  70  6:00  Terran Infantry Armor Level 1, Terran Infantry Weapons Level 1  
  69  6:06  Marine x2, Marauder x2  
  69  6:10  Combat Shield  
  75  6:11  Barracks  
  75  6:13  Barracks  
  75  6:14  Missile Turret  
  75  6:19  SCV x2  
  75  6:21  Missile Turret, Orbital Command  
  76  6:37  Marine x2  
  76  6:38  Marauder x2  
  76  6:39  Medivac x2  
  86  6:45  SCV x2  
  88  6:49  Supply Depot x2  
  88  6:51  SCV, Supply Depot  
  89  6:55  Marine x2  
  89  6:57  SCV  
  89  7:00  Missile Turret  
  89  7:01  Barracks Reactor  
  92  7:02  Barracks Tech Lab  
  92  7:11  Marauder x2  
  92  7:14  Medivac x2  
  100  7:18  Supply Depot  
  100  7:19  SCV x2, Supply Depot  
  100  7:20  Supply Depot  
  102  7:25  Marine, Marauder  
  102  7:26  Armory  
  96  7:42  Marine x3, Marauder x2  
  88  7:52  Marine, Marauder  
  88  7:53  Viking x2  
  93  8:00  Marine, Factory Reactor  
  93  8:03  Refinery  
  93  8:04  Marauder  
  93  8:05  Refinery, Marine x2, Marauder  
  100  8:07  SCV x2  
  100  8:08  SCV  
  103  8:18  Starport  
  103  8:19  SCV x2  
  105  8:21  SCV  
  105  8:27  Viking x2  
  108  8:31  SCV  
  108  8:32  SCV  
  108  8:33  SCV  
  113  8:36  Marine x2, Marauder x3  
  113  8:37  Marine  
  122  8:44  SCV x2  
  122  8:45  SCV, Marine  
  126  8:50  Supply Depot  
  126  8:52  Supply Depot  
  126  8:54  Marine  
  129  8:56  Viking, SCV  
  129  8:57  Marauder  
  129  8:58  Marauder  
  130  9:05  SCV  
  130  9:06  SCV  
  130  9:08  SCV  
  131  9:13  Marine x2, Marauder  
  131  9:15  Viking x3  
  141  9:19  SCV x2, Marauder  
  141  9:20  SCV  
  146  9:25  Marine x2, Marauder  
  150  9:32  Ghost Academy, Supply Depot x2  
  150  9:35  Marauder  
  152  9:41  Marine x2, Marauder  
  152  9:43  Marine  
  157  9:53  Viking, Marine, Marauder  
  157  9:56  Marauder  
  157  9:59  Marine  
  163  10:02  Marine x2  
  163  10:03  Marauder  
  167  10:08  Viking x2  
  167  10:10  Command Center  
  167  10:11  Marine  
  156  10:48  Marine x4, Marauder x2  
  162  10:55  Marauder  
  169  11:03  Barracks  
  164  11:04  Barracks  
  164  11:08  Barracks  
Tags
 
Add a new tag
Caveats
  • Supply blocks, unpowered buildings, or Contaminate may cause inaccurate times.
  • Supply counts are checked every 10 seconds.